 Dungeon Crawl Stone Soup version 0.20.0-7-g3b7b877 (webtiles) character file.

44 MTVSty1e the Ruffian (level 3, -1/29 HPs)
             Began as a Draconian Transmuter on May 29, 2017.
             Splashed by a jelly's acid (2 damage)
             ... on level 1 of the Dungeon.
             The game lasted 00:02:12 (906 turns).

MTVSty1e the Ruffian (Draconian Transmuter)          Turns: 906, Time: 00:02:13

Health: -1/29      AC:  5    Str: 12    XL:     3   Next: 39%
Magic:  5/6        EV: 12    Int: 18    God:
Gold:   41         SH:  0    Dex: 11    Spells: 5/6 levels left

rFire    . . .     SeeInvis .     - Unarmed
rCold    . . .     Gourm    .   (no shield)
rNeg     . . .     Faith    .   (armour unavailable)
rPois    .         Spirit   .   (helmet restricted)
rElec    .         Reflect  .   (no cloak)
rCorr    .         Harm     .   (no gloves)
MR       .....                  (no boots)
Stlth    +.........             (no amulet)
Regen    0.1/turn               k - +4 ring of intelligence
MPRegen  0.1/turn               (no ring)

@: appendage
A: unfitting armour, horns 2, cold-blooded, AC +5
a: End Transformation


You were on level 1 of the Dungeon.
You were full.
You had grown temporary horns.
You visited 1 branch of the dungeon, and saw 1 of its levels.

You collected 41 gold pieces.

Inventory:

Missiles
 a - 34 arrows
Jewellery
 k - a +4 ring of intelligence (left hand)
Scrolls
 e - a scroll of remove curse {unknown}
 h - a scroll of teleportation {unknown}
 i - a scroll of identify {unknown}
Potions
 f - a potion of flight {unknown}
 g - a potion of degeneration {unknown}
 j - 2 potions of heal wounds {unknown}
Books
 b - a book of Changes

   Spells                             Type                      Level
   a - Beastly Appendage              Transmutation                1
   b - Sticks to Snakes               Transmutation                2
   c - Spider Form                    Transmutation/Poison         3
   d - Ice Form                       Ice/Transmutation            4
   e - Blade Hands                    Transmutation                5
Comestibles
 c - 2 bread rations


   Skills:
 * Level 2.1 Fighting
 - Level 2.0 Dodging
 * Level 3.8 Unarmed Combat
 - Level 2.1 Spellcasting
 - Level 2.0 Transmutations


You had 5 spell levels left.
You knew the following spells:

 Your Spells              Type           Power        Failure   Level  Hunger
a - Beastly Appendage     Tmut           #.....       8%          1    #......


Dungeon Overview and Level Annotations

Branches:
Dungeon (1/15)

Altars:


Innate Abilities, Weirdness & Mutations

Your plain brown scales are hard. (AC +5)
You cannot fit into any form of body armour.
You are cold-blooded and may be slowed by cold attacks.
You have a pair of horns on your head.


Message History

You eat the meat ration.
That meat ration really hit the spot!
You hit the jelly but do no damage.
Your hands burn!
You headbutt the jelly.
You tail-slap the jelly, but do no damage.
The jelly is lightly wounded.
The rat closely misses you. The jelly hits you.
You are splashed with acid!
The acid burns!
You hit the jelly.
Your hands burn!
You tail-slap the jelly.
The jelly is heavily wounded.
The rat misses you. The jelly hits you.
You are splashed with acid!
The acid burns!
* * * LOW HITPOINT WARNING * * *
Unknown command.
You hit the jelly.
Your hands burn!
* * * LOW HITPOINT WARNING * * *
You tail-slap the jelly.
The jelly is severely wounded.
The rat bites you but does no damage. The jelly closely misses you.
Unknown command.
You hit the jelly.
Your hands burn!
You die...

.#.##.#.#........######..........
.#.............)..........#######
.#.##.#.#.........######..#
....#.#...................#
###.#.#..###+#######'###..#
.........#..⌠...>...⌠..#..#
##.##.#..#......<...(..#..#
#.##.#..+⌠....###....⌠+..##
#.##.#..#.....r@......#...#
##.##.#..#######J#######...#
...##.#..#.....JJrh. #...###
..###.#..#......w....) #.....#
..# #.#..#.............#.).#.#
..###.#..###############..##.#
..'...#....................#.#
..#####..........########..#.####
..# ########...................


You could see a worm, a jelly, 2 oozes, a jackal and 2 rats.

Vanquished Creatures
  3 oozes (D:1)
  A leopard gecko (D:1)
  4 giant cockroaches (D:1)
  4 goblins (D:1)
  A hobgoblin (D:1)
  3 jackals (D:1)
  2 kobolds (D:1)
  6 bats (D:1)
  2 frilled lizards (D:1)
  4 rats (D:1)
30 creatures vanquished.

Notes
Turn   | Place    | Note
-------+----------+-------------------------------------------
     0 | D:1      | MTVSty1e the Draconian Transmuter began the quest for the Orb.
     0 | D:1      | Reached XP level 1. HP: 16/16 MP: 3/3
     0 | D:1      | Noticed a jelly
     2 | D:1      | Found a runed door.
   182 | D:1      | Reached XP level 2. HP: 23/23 MP: 3/5
   876 | D:1      | Reached XP level 3. HP: 27/29 MP: 4/6
   905 | D:1      | HP: 1/29 [acid (1)]
   906 | D:1      | Splashed by a jelly's acid

Skill      XL: |  1  2  3 |
---------------+----------+-----
Dodging        | 2 |  2.0
Fighting       | 2 |  2.1
Unarmed Combat | |  3.8
Spellcasting   | |  2.1
Transmutations | |  2.0

Action                   || total
-------------------------++-------
Melee: Unarmed           ||   115
       Tailslap          ||    12
       Kick              ||     8
       Punch             ||     1
       Headbutt          ||     1
 Cast: Beastly Appendage ||    17
  Eat: Meat ration       ||     1
Armor: Skin              ||    44
Dodge: Dodged            ||    83
